General information
- name: BNet
- type: Ladder team game (AT/RT)
- host: Battle.net
- saver: 418
map: Battleground
- players: 8
- length: 81:00
- speed: Fast
- version: 1.24 W3XP
- replay type: Public
» download(301 KB)
Players
team 1 (loser)

»
ASS(O)HOLE (
green | 53 APM | 1173 actions | 22:09)
3 Priestess of the Moon
1 Scout
2 Trueshot Aura
» actions
| Assign group hotkey | 30 | |
| Basic commands | 88 | |
| Build / train | 60 | |
| ESC pressed | 1 | |
| Enter build submenu | 15 | |
| Enter hero's abilities submenu | 3 | |
| Right click | 484 | |
| Select / deselect | 255 | |
| Select group hotkey | 189 | |
| Use ability | 48 | |
1173 total
» units
» upgrades
| Strength of the Moon | 1 | |
| Improved Bows | 1 | |
| Marksmanship | 2 | |
4 total
» buildings
| Altar of Elders | 1 | |
| Moon Well | 6 | |
| Ancient of War | 4 | |
| Tree of Ages | 1 | |
| Hunter's Hall | 1 | |
| Tree of Eternity | 1 | |
| Ancient of Wonders | 2 | |
16 total
» build order
00:21 Altar of Elders
00:24 Moon Well
01:12 Ancient of War
01:51 Ancient of War
01:58 Moon Well
02:48 Moon Well
04:51 Tree of Ages
05:27 Hunter's Hall
05:52 Moon Well
07:22 Tree of Eternity
13:09 Moon Well
13:22 Ancient of War
13:28 Ancient of War
13:49 Ancient of Wonders
14:35 Moon Well
15:24 Ancient of Wonders

»
Faceless_ (
blue | 58 APM | 1293 actions | 22:11)
5 Death Knight
3 Death Coil
2 Unholy Aura
» actions
| Assign group hotkey | 20 | |
| Basic commands | 31 | |
| Build / train | 61 | |
| Enter build submenu | 18 | |
| Enter hero's abilities submenu | 5 | |
| Give item / drop item | 1 | |
| Right click | 334 | |
| Select / deselect | 215 | |
| Select group hotkey | 534 | |
| Use ability | 74 | |
1293 total
» units
| Acolyte | 2 | |
| Ghoul | 8 | |
| Crypt Fiend | 18 | |
| Obsidian Statue | 4 | |
| Frost Wyrm | 1 | |
33 total
» upgrades
| Web | 1 | |
| Creature Attack | 3 | |
| Burrow | 1 | |
| Creature Carapace | 2 | |
7 total
» buildings
| Graveyard | 2 | |
| Crypt | 1 | |
| Ziggurat | 8 | |
| Altar of Darkness | 1 | |
| Nerubian Tower | 1 | |
| Tomb of Relics | 1 | |
| Halls of the Dead | 1 | |
| Spirit Tower | 3 | |
| Slaughterhouse | 1 | |
| Black Citadel | 1 | |
| Sacrificial Pit | 1 | |
| Boneyard | 2 | |
23 total
» build order
00:09 Graveyard
00:13 Graveyard
00:18 Crypt
00:45 Ziggurat
00:59 Altar of Darkness
01:15 Ziggurat
01:39 Nerubian Tower
01:45 Tomb of Relics
03:55 Halls of the Dead
04:42 Ziggurat
05:40 Spirit Tower
06:54 Slaughterhouse
07:05 Ziggurat
11:06 Spirit Tower
12:53 Black Citadel
14:24 Ziggurat
14:27 Ziggurat
15:18 Sacrificial Pit
16:14 Boneyard
16:18 Boneyard
16:21 Ziggurat
16:23 Ziggurat
18:17 Spirit Tower
» items
| Rod of Necromancy | 2 | |
| Dust of Appearance | 2 | |
| Potion of Healing | 3 | |
| Scroll of Town Portal | 1 | |
| Potion of Mana | 1 | |
9 total

»
DRDlCKBIGLER (
purple | 29 APM | 2314 actions | 80:58)
4 Pandaren Brewmaster
2 Breath of Fire
2 Drunken Haze
» actions
| Assign group hotkey | 47 | |
| Basic commands | 4 | |
| Build / train | 47 | |
| ESC pressed | 2 | |
| Enter build submenu | 31 | |
| Enter hero's abilities submenu | 4 | |
| Give item / drop item | 3 | |
| Right click | 1326 | |
| Select / deselect | 282 | |
| Select group hotkey | 454 | |
| Use ability | 114 | |
2314 total
» units
» upgrades
| Ultravision | 1 | |
| Nature's Blessing | 1 | |
| Well Spring | 1 | |
3 total
» buildings
| Moon Well | 4 | |
| Altar of Elders | 1 | |
| Hunter's Hall | 1 | |
| Ancient of War | 1 | |
| Ancient Protector | 8 | |
| Tree of Ages | 1 | |
| Tree of Eternity | 2 | |
| Ancient of Wonders | 1 | |
| Tree of Life | 2 | |
| Ziggurat | 17 | |
| Spirit Tower | 5 | |
43 total
» build order
00:14 Moon Well
00:16 Altar of Elders
02:15 Hunter's Hall
02:24 Ancient of War
02:52 Moon Well
03:34 Ancient Protector
03:38 Ancient Protector
04:04 Tree of Ages
05:16 Moon Well
05:17 Moon Well
06:50 Tree of Eternity
06:50 Tree of Eternity
06:57 Ancient Protector
07:45 Ancient Protector
13:33 Ancient Protector
13:35 Ancient Protector
14:26 Ancient of Wonders
16:12 Ancient Protector
16:15 Ancient Protector
20:55 Tree of Life
20:57 Tree of Life
22:49 Ziggurat
25:28 Spirit Tower
25:30 Ziggurat
25:31 Ziggurat
25:32 Ziggurat
25:33 Ziggurat
25:33 Ziggurat
25:34 Ziggurat
25:35 Ziggurat
27:29 Spirit Tower
28:43 Ziggurat
28:44 Ziggurat
28:52 Ziggurat
28:53 Ziggurat
29:00 Ziggurat
29:16 Spirit Tower
29:19 Ziggurat
29:20 Ziggurat
29:21 Ziggurat
29:22 Ziggurat
30:00 Spirit Tower
» items
| Boots of Speed | 1 | |
| Dust of Appearance | 2 | |
| Staff of Teleportation | 1 | |
| Circlet of Nobility | 1 | |
| Potion of Healing | 1 | |
| Lesser Clarity Potion | 1 | |
| Scroll of Regeneration | 1 | |
| Scroll of Town Portal | 1 | |
9 total

»
Nv[SeiB] (
red | 57 APM | 1272 actions | 22:25)
3 Paladin
2 Holy Light
1 Divine Shield
3 Mountain King
2 Storm Bolt
1 Thunder Clap
» actions
| Assign group hotkey | 136 | |
| Basic commands | 12 | |
| Build / train | 65 | |
| Enter build submenu | 24 | |
| Enter hero's abilities submenu | 6 | |
| Give item / drop item | 1 | |
| Right click | 504 | |
| Select / deselect | 247 | |
| Select group hotkey | 204 | |
| Use ability | 73 | |
1272 total
» units
| Peasant | 12 | |
| Footman | 8 | |
| Priest | 2 | |
| Knight | 7 | |
| Sorceress | 2 | |
| Flying Machine | 6 | |
37 total
» upgrades
| Lumber Harvesting | 1 | |
| Defend | 1 | |
| Swords | 2 | |
| Plating | 2 | |
| Flak Cannons | 1 | |
| Flying Machine Bombs | 1 | |
8 total
» buildings
| Altar of Kings | 2 | |
| Farm | 9 | |
| Lumber Mill | 1 | |
| Barracks | 2 | |
| Keep | 1 | |
| Scout Tower | 4 | |
| Guard Tower | 3 | |
| Arcane Tower | 1 | |
| Castle | 1 | |
| Arcane Sanctum | 1 | |
| Blacksmith | 1 | |
| Arcane Vault | 1 | |
| Workshop | 2 | |
29 total
» build order
01:03 Altar of Kings
01:05 Farm
01:07 Altar of Kings
01:20 Lumber Mill
01:41 Barracks
02:10 Farm
02:36 Barracks
03:53 Farm
03:59 Keep
04:15 Scout Tower
05:17 Guard Tower
05:22 Scout Tower
05:27 Farm
06:09 Arcane Tower
06:33 Farm
09:04 Castle
09:40 Arcane Sanctum
11:31 Blacksmith
11:37 Arcane Vault
12:44 Farm
12:48 Farm
13:46 Farm
15:05 Farm
16:16 Scout Tower
16:30 Workshop
17:08 Guard Tower
17:09 Scout Tower
18:34 Workshop
21:56 Guard Tower
» items
| Boots of Speed | 1 | |
| Scroll of Town Portal | 2 | |
| Scroll of Regeneration | 1 | |
4 total
team 2 (winner)
x]1 (
orange | 150 APM | 2150 actions | 14:20)
4 Blademaster
2 Wind Walk
2 Critical Strike
2 Shadow Hunter
1 Hex
1 Healing Wave
» actions
| Assign group hotkey | 33 | |
| Basic commands | 21 | |
| Build / train | 74 | |
| Enter build submenu | 14 | |
| Enter hero's abilities submenu | 6 | |
| Give item / drop item | 7 | |
| Remove unit from queue | 2 | |
| Right click | 757 | |
| Select / deselect | 176 | |
| Select group hotkey | 979 | |
| Use ability | 79 | |
2150 total
» units
| Peon | 13 | |
| Grunt | 5 | |
| Wind Rider | 9 | |
| Raider | 7 | |
34 total
» upgrades
| Envenomed Spears | 1 | |
| Ensnare | 1 | |
| Pillage | 1 | |
3 total
» buildings
| Altar of Storms | 1 | |
| Orc Burrow | 5 | |
| Barracks | 1 | |
| Voodoo Lounge | 1 | |
| Stronghold | 3 | |
| Beastiary | 2 | |
| Fortress | 2 | |
| Spirit Lodge | 1 | |
16 total
» build order
00:09 Altar of Storms
00:14 Orc Burrow
00:36 Barracks
01:38 Orc Burrow
02:08 Voodoo Lounge
02:58 Stronghold
02:58 Stronghold
02:58 Stronghold
04:42 Orc Burrow
05:22 Beastiary
05:43 Orc Burrow
06:52 Fortress
13:14 Spirit Lodge
13:29 Orc Burrow
» items
| Circlet of Nobility | 2 | |
| Boots of Speed | 1 | |
| Healing Salve | 8 | |
| Scroll of Speed | 4 | |
| Lesser Clarity Potion | 4 | |
| Orb of Lightning | 1 | |
20 total
418 (
pink | 36 APM | 2950 actions | 81:00)
9 Blademaster
3 Wind Walk
3 Critical Strike
1 Bladestorm
2 Mirror Image
» actions
| Assign group hotkey | 8 | |
| Basic commands | 206 | |
| Build / train | 189 | |
| ESC pressed | 8 | |
| Enter build submenu | 47 | |
| Enter hero's abilities submenu | 9 | |
| Give item / drop item | 10 | |
| Remove unit from queue | 4 | |
| Right click | 1268 | |
| Select / deselect | 866 | |
| Select group hotkey | 91 | |
| Use ability | 244 | |
2950 total
» units
| Peon | 95 | |
| Shaman | 1 | |
| Spirit Walker | 1 | |
| Troll Witch Doctor | 1 | |
| Wind Rider | 6 | |
| Raider | 3 | |
107 total
» upgrades
| Spiked Barricades | 4 | |
| Reinforced Defenses | 1 | |
| Shaman Training | 3 | |
| Spirit Walker Training | 3 | |
| Witch Doctor Training | 3 | |
| Envenomed Spears | 1 | |
| Liquid Fire | 3 | |
| Backpack | 2 | |
| Berserker Strength | 2 | |
| Troll Regeneration | 2 | |
| Berserker Upgrade | 2 | |
| Burning Oil | 3 | |
| War Drums Damage Increase | 3 | |
| Ranged Weapons | 3 | |
| Armor | 3 | |
| Ensnare | 1 | |
| Melee Weapons | 3 | |
| Pillage | 1 | |
| Pulverize | 1 | |
44 total
» buildings
| Altar of Storms | 2 | |
| Orc Burrow | 7 | |
| Voodoo Lounge | 1 | |
| War Mill | 1 | |
| Stronghold | 1 | |
| Watch Tower | 20 | |
| Fortress | 1 | |
| Spirit Lodge | 1 | |
| Beastiary | 2 | |
| Great Hall | 7 | |
| Barracks | 2 | |
| Tauren Totem | 1 | |
46 total
» build order
00:37 Altar of Storms
00:42 Altar of Storms
00:51 Orc Burrow
01:05 Voodoo Lounge
01:47 War Mill
02:38 Stronghold
03:17 Watch Tower
05:00 Fortress
05:02 Watch Tower
05:21 Watch Tower
05:25 Watch Tower
05:46 Orc Burrow
06:14 Watch Tower
06:37 Watch Tower
06:40 Watch Tower
06:43 Spirit Lodge
15:11 Watch Tower
15:12 Watch Tower
15:13 Watch Tower
15:13 Watch Tower
15:14 Watch Tower
15:15 Watch Tower
15:15 Watch Tower
15:16 Watch Tower
20:35 Beastiary
20:36 Beastiary
25:11 Orc Burrow
25:12 Orc Burrow
25:12 Orc Burrow
25:13 Orc Burrow
25:14 Orc Burrow
26:18 Great Hall
26:21 Watch Tower
26:22 Watch Tower
26:22 Watch Tower
26:22 Watch Tower
26:59 Watch Tower
34:34 Great Hall
36:50 Great Hall
37:07 Barracks
37:09 Tauren Totem
37:12 Barracks
38:06 Great Hall
43:26 Great Hall
44:44 Great Hall
52:01 Great Hall
» items
| Healing Salve | 5 | |
| Lesser Clarity Potion | 8 | |
| Circlet of Nobility | 1 | |
| Staff of Teleportation | 1 | |
| Boots of Speed | 1 | |
| Potion of Healing | 2 | |
| Potion of Mana | 5 | |
| Orb of Lightning | 1 | |
| Scroll of Town Portal | 1 | |
25 total

»
Shnissugah (
teal | 28 APM | 1984 actions | 71:32)
5 Dark Ranger
3 Black Arrow
2 Silence
4 Keeper of the Grove
2 Entangling Roots
2 Thorns Aura
4 Priestess of the Moon
2 Trueshot Aura
2 Searing Arrows
» actions
| Assign group hotkey | 46 | |
| Basic commands | 199 | |
| Build / train | 102 | |
| ESC pressed | 1 | |
| Enter build submenu | 28 | |
| Enter hero's abilities submenu | 13 | |
| Right click | 479 | |
| Select / deselect | 361 | |
| Select group hotkey | 679 | |
| Use ability | 76 | |
1984 total
» units
| Wisp | 35 | |
| Archer | 16 | |
| Hippogryph | 6 | |
| Chimaera | 4 | |
61 total
» upgrades
| Improved Bows | 1 | |
| Ultravision | 1 | |
| Strength of the Moon | 3 | |
| Moon Armor | 3 | |
| Hippogryph Taming | 1 | |
| Marksmanship | 1 | |
| Well Spring | 1 | |
| Nature's Blessing | 1 | |
| Strength of the Wild | 3 | |
| Reinforced Hides | 3 | |
| Backpack | 1 | |
| Corrosive Breath | 1 | |
20 total
» buildings
| Moon Well | 7 | |
| Ancient of War | 2 | |
| Altar of Elders | 1 | |
| Tree of Life | 4 | |
| Tree of Ages | 1 | |
| Hunter's Hall | 1 | |
| Tree of Eternity | 1 | |
| Ancient of Wind | 3 | |
| Ancient of Wonders | 1 | |
| Ancient Protector | 2 | |
| Chimaera Roost | 2 | |
25 total
» build order
01:49 Moon Well
01:50 Moon Well
02:05 Ancient of War
02:55 Altar of Elders
04:43 Moon Well
04:45 Moon Well
05:48 Ancient of War
07:09 Tree of Life
07:18 Tree of Life
08:35 Tree of Ages
10:12 Hunter's Hall
10:58 Tree of Eternity
11:41 Ancient of Wind
11:43 Ancient of Wind
11:52 Ancient of Wind
12:06 Moon Well
12:09 Moon Well
15:17 Ancient of Wonders
18:06 Moon Well
18:09 Ancient Protector
18:12 Ancient Protector
20:57 Tree of Life
25:03 Tree of Life
26:44 Chimaera Roost
28:26 Chimaera Roost
» items
| Scroll of Town Portal | 1 | |
| Potion of Lesser Invulnerability | 1 | |
2 total
Caio. (
yellow | 92 APM | 2675 actions | 29:10)
4 Blademaster
1 Wind Walk
2 Critical Strike
1 Bladestorm
3 Shadow Hunter
2 Healing Wave
1 Hex
» actions
| Assign group hotkey | 18 | |
| Build / train | 66 | |
| ESC pressed | 5 | |
| Enter build submenu | 23 | |
| Enter hero's abilities submenu | 7 | |
| Give item / drop item | 2 | |
| Remove unit from queue | 3 | |
| Right click | 1591 | |
| Select / deselect | 438 | |
| Select group hotkey | 238 | |
| Use ability | 284 | |
2675 total
» units
| Peon | 11 | |
| Raider | 3 | |
| Troll Batrider | 4 | |
| Wind Rider | 6 | |
| Demolisher | 2 | |
26 total
» upgrades
| Ensnare | 2 | |
| Spirit Walker Training | 1 | |
3 total
» buildings
| Altar of Storms | 1 | |
| Orc Burrow | 6 | |
| Voodoo Lounge | 2 | |
| Stronghold | 2 | |
| War Mill | 2 | |
| Beastiary | 4 | |
| Fortress | 2 | |
| Watch Tower | 4 | |
23 total
» build order
00:05 Altar of Storms
00:17 Orc Burrow
00:53 Voodoo Lounge
01:43 Orc Burrow
02:37 Stronghold
03:04 War Mill
05:14 Beastiary
05:17 Beastiary
05:20 Fortress
06:34 Beastiary
07:03 Orc Burrow
07:06 Orc Burrow
07:11 Watch Tower
07:13 Watch Tower
07:17 Watch Tower
07:18 Watch Tower
12:45 Voodoo Lounge
13:55 Beastiary
17:31 War Mill
20:19 Orc Burrow
20:21 Orc Burrow
» items
| Healing Salve | 2 | |
| Scroll of Speed | 1 | |
| Lesser Clarity Potion | 3 | |
| Boots of Speed | 3 | |
| Circlet of Nobility | 2 | |
| Staff of Teleportation | 1 | |
| Potion of Healing | 2 | |
| Orb of Lightning | 2 | |
| Scroll of Town Portal | 1 | |
| Potion of Lesser Invulnerability | 1 | |
18 total
Chat log
(00:20 / Allies) Caio.: im only aa
(00:44 / Allies) Caio.: lol
(04:57 / All) 418: SUCH LIBERAL USE OF HOLY LIGHT
(07:23 / Allies) Caio.: they going hit
(08:05 / Allies) Caio.: TEAM?
(08:14 / All) Caio.: no team
(08:16 / All) Caio.: lol
(08:27 / All) 418: SOMETIMES YOU SHOULD MAKE UNITS
(08:28 / All) 418: THAT HELPS
(08:44 / All) Nv[SeiB]: raped
(08:59 / All) Caio.: team pro
(09:00 / Allies) x]1: TEAL
(09:01 / All) Caio.: lol
(09:04 / Allies) x]1: TP YOU IDIOT
(09:04 / All) 418: YOU DIDNT MAKE UNITS
(09:28 / Allies) Caio.: goldm e
(09:29 / Allies) Caio.: for hero
(09:30 / Allies) Caio.: plz
(09:30 / Allies) 418: NO
(09:31 / Allies) Caio.: GOLD
(09:32 / Allies) Caio.: 200
(09:33 / Allies) Caio.: 200
(09:33 / Allies) Caio.: 200
(09:34 / Allies) Caio.: 020
(09:35 / Allies) 418: YOU HAVENT MADE UNITS YET
(09:35 / Allies) Caio.: 200
(09:37 / Allies) Caio.: 2000
(09:38 / Allies) Caio.: 2000
(09:38 / Allies) Caio.: 200
(09:40 / Allies) 418: YOU HAVE 2 IDLE BEASTIARIES
(11:08 / All) 418: "RAPED"
(11:15 / All) 418: STILL GONNA GET IT
(11:24 / All) 418: STILL GONNA GET IT
(11:39 / All) 418: TOLD YA
(12:26 / All) ASS(O)HOLE: make more towers pruple, u might still win
(12:40 / All) Nv[SeiB]: 3v4 lucky nubs
(12:45 / All) 418: "RAPED"
(12:53 / All) 418: DUMB NERD
(12:55 / All) Nv[SeiB]: u were bitchin at yellow lmao
(12:57 / All) Nv[SeiB]: dumb nub
(13:00 / All) 418: THATS BECUASE HE WAS BITCHING
(13:03 / All) Nv[SeiB]: "U DDINT HAVE ANY UNITS"
(13:07 / Allies) x]1: TEAL GOLD ME
(13:09 / All) 418: HE WOULDN TSTFU
(13:15 / All) Nv[SeiB]: sure
(14:20 / All) DRDlCKBIGLER: D
(14:25 / Allies) 418: NOT IT
(14:56 / All) 418: GOOD BOLT
(17:13 / All) 418: YOU SURE DO SUCK GREEN
(17:17 / All) 418: PURPLE BLUE & RED, THATS THE 3 I GUESS
(17:18 / All) ASS(O)HOLE: yup
(17:29 / All) ASS(O)HOLE: when u got the counter to my units
(17:33 / All) ASS(O)HOLE: cuz purple dont have shit
(17:35 / All) 418: ALL YOU MADE WAS ARCHERS
(17:36 / All) ASS(O)HOLE: big talk
(17:40 / All) 418: EVERYTHING COUNTERS THAT
(17:47 / All) ASS(O)HOLE: why should i make more than arcehrs?
(17:51 / All) ASS(O)HOLE: all pruple made was towers
(17:57 / All) 418: I DONT KNOW, FOR THE SAKE OF WINNING I GUESS
(18:06 / All) 418: ESPECIALLY SINCE YOU CANT MICRO ARCHERS
(19:08 / All) ASS(O)HOLE: all he made was towers
(19:13 / All) 418: BETTER THAN SHITTY ARCHERS
(19:18 / All) ASS(O)HOLE: but he did a hell of alot more with hero than u did purple
(19:20 / All) 418: BESIDES ALL I HAVE IS TOWERS
(19:22 / Allies) Caio.: FUCK
(19:29 / Allies) Caio.: SSE
(19:30 / Allies) Caio.: SEE
(19:31 / Allies) Caio.: YOUR TP
(19:32 / Allies) Caio.: NOOB
(19:35 / All) ASS(O)HOLE: if i knew thats what pruple was gonna do
(19:39 / All) 418: ITS ALL I DID
(19:40 / All) ASS(O)HOLE: i woulda done something else
(19:48 / All) 418: YOU SHOULDNT WORRY ABOUT YOUR TEAMMATES LIKE THAT
(19:56 / All) ASS(O)HOLE: really?
(20:00 / All) ASS(O)HOLE: u think i give a flying fuck?
(20:03 / Allies) Caio.: i use orange
(20:08 / All) ASS(O)HOLE: i need a loss anyway
(20:08 / All) 418: YOU SEEM TO
(20:13 / All) ASS(O)HOLE: do i dont wait an hour for a game
(21:01 / Allies) Caio.: red
(21:04 / Allies) Caio.: dont have towers
(21:56 / Allies) Caio.: DIONT
(21:56 / Allies) Caio.: USE
(21:57 / Allies) Caio.: ORANGE
(22:05 / All) DRDlCKBIGLER: STABBED
(22:54 / All) Shnissugah: i rock
(22:58 / Allies) Caio.: -.-
(23:01 / Allies) Caio.: stop
(23:01 / Allies) Caio.: ?
(23:29 / Allies) Caio.: stop
(23:30 / Allies) Caio.: pink
(24:22 / Allies) Caio.: STOP
(24:23 / Allies) Caio.: PIK
(24:25 / Allies) Caio.: PINK
(26:42 / Allies) Caio.: teal
(26:43 / Allies) Caio.: HELP ME
(26:45 / Allies) Caio.: PROTECT
(26:47 / Allies) Caio.: ORANGE
(27:29 / All) Caio.: Gg
(28:01 / Allies) Caio.: teal
(28:01 / Allies) Caio.: mae
(28:08 / Allies) Caio.: make m,asss chim
(28:12 / Allies) Caio.: and dsetroy blue base
(28:18 / Allies) Caio.: or gg
(29:09 / Allies) Caio.: -.-
(29:29 / Allies) Shnissugah: let's end this
(36:24 / Allies) 418: YOU STILL HERE?
(71:31 / All) Shnissugah: you should thank me pink for winning this game for us. I owned.